AoeStats
← 小白

African Clearing

506640918Analyzed
4v4 RM · 18d ago on Sep 14, 2026· 30m 27s· 8 players
Game mode
Random Map
Map size
Large (8 player)
Population
200
Speed
Normal
Resources
Standard
Victory
Conquest
Starting age
Dark Age
Ending age
Imperial Age
RankedLock teamsTeams togetherTeam positionsShared explorationLock speedFull tech treeHidden civsTurbo modeCheats
Victory
Defeat
🇹🇼 Magyars · Taiwan
1923
+10
🇹🇼 Vietnamese · Taiwan
1856
+12
🇹🇼 Cumans · Taiwan
1841
+13
🇹🇼 Persians · Taiwan
1607
+22
🇨🇳 Armenians · China
1928
-21
🇨🇳 Mongols · China
1725
-13
1702
-12
🇨🇳 Magyars · China
1697
-11
经典不变的回忆 | memory
7:24 Double-Bit Axe
13:27 Feudal Age
13:27 Loom
15:01 Bow Saw
17:22 Castle Age
15:51 Stone Mining
17:00 Horse Collar
18:56 Heavy Plow
20:22 Husbandry
22:31 Scale Barding Armor
26:00 Gold Mining
26:39 Chain Barding Armor
27:14 Town Watch
29:00 Forging
黑炎凝蒙猹
12:20 Loom
14:05 Feudal Age
15:32 Double-Bit Axe
18:27 Castle Age
18:38 Horse Collar
19:24 Bow Saw
28:51 Wheelbarrow
30:29 Gold Mining
3046964519
4:42 Loom
11:59 Feudal Age
12:08 Man-at-Arms
12:47 Double-Bit Axe
13:02 Long Swordsman
17:55 Arson
21:32 Scale Mail Armor
22:28 Forging
25:35 Pikeman
十大地方
10:44 Loom
12:29 Feudal Age
20:07 Castle Age
19:19 Double-Bit Axe
19:26 Horse Collar
25:31 Fletching
30:07 Bodkin Arrow
散步小鵝
8:35 Loom
STEMI
13:30 Feudal Age
13:37 Loom
14:29 Loom
15:24 Double-Bit Axe
17:44 Castle Age
15:53 Gold Mining
17:06 Town Watch
17:11 Horse Collar
18:42 Fletching
27:14 Wheelbarrow
27:17 Bodkin Arrow
28:28 Padded Archer Armor
30:41 Ballistics
小白
13:13 Feudal Age
13:52 Double-Bit Axe
14:13 Horse Collar
19:57 Loom
23:04 Castle Age
22:11 Wheelbarrow
22:08 Gold Mining
23:02 Bloodlines
22:57 Scale Barding Armor
24:09 Chain Barding Armor
24:10 Bow Saw
25:23 Forging
29:19 Heavy Plow
老天鵝
11:12 Feudal Age
12:53 Double-Bit Axe
13:17 Loom
19:08 Castle Age
17:43 Scale Mail Armor
18:41 Bloodlines
19:26 Gold Mining
20:59 Husbandry
22:23 Fletching
23:33 Bodkin Arrow
31:24 Wheelbarrow
Connection lost

Rejoining the realm…

Still unreachable

The connection could not be restored.

Session expired

The server has moved on; the page needs a fresh start.